 Dungeon Crawl Stone Soup version 0.26.1-11-gd32895ea62 (webtiles) character file.

Game seed: 11424717804081237780

2181 dtburroughs the Skirmisher (level 9, -4/80 HPs)
             Began as a Minotaur Berserker on June 29, 2021.
             Was an Elder of Trog.
             Slain by an orc knight
             ... wielding a +0 war axe
              (18 damage)
             ... in a bailey.
             The game lasted 00:12:23 (8697 turns).

dtburroughs the Skirmisher (Minotaur Berserker)     Turns: 8697, Time: 00:12:24

Health: -4/80      AC: 15    Str: 26    XL:     9   Next: 11%
Magic:  8/8        EV:  8    Int:  7    God:    Trog [****..]
Gold:   214        SH: 12    Dex:  9    Spells: 8/8 levels left

rFire    + . .     SeeInvis .   D - +1 hand axe of the Purse {vorpal, rElec rF+ Will+ Str+3} (curse)
rCold    . . .     Faith    .   v - +2 kite shield
rNeg     + . .     Spirit   .   q - +0 plate armour
rPois    .         Reflect  .   (helmet restricted)
rElec    +         Harm     .   b - +0 cloak
rCorr    .         Rampage  .   t - +0 pair of gloves
Will     +....                  (no boots)
Stlth    ..........             (no amulet)
HPRegen  0.23/turn              a - ring of positive energy
MPRegen  0.11/turn              (no ring)

@: no status effects
A: retaliatory headbutt, horns 2
a: Renounce Religion, Berserk, Trog's Hand, Brothers in Arms


You were in a bailey.
You worshipped Trog.
Trog was greatly pleased with you.
You visited 1 branch of the dungeon, and saw 7 of its levels.
You also visited: Bailey.

You collected 214 gold pieces.

Inventory:

Hand Weapons
 r - a +0 war axe
 D - the cursed +1 hand axe of the Purse (weapon) {vorpal, rElec rF+ Will+ Str+3}
   (You found it on level 7 of the Dungeon)

   It inflicts extra damage upon your enemies.
   It affects your strength (+3).
   It protects you from fire.
   It insulates you from electricity.
   It affects your willpower, your defense against some magical effects.
   It has a curse placed upon it.
Armour
 b - a +0 cloak (worn)
 q - a +0 plate armour (worn)
 t - a +0 pair of gloves (worn)
 v - a +2 kite shield (worn)
Jewellery
 a - a ring of positive energy (left hand)
Wands
 x - a wand of polymorph (19)
 B - a wand of random effects (24)
Scrolls
 e - a scroll of enchant weapon {unknown}
 f - a scroll of blinking
 h - 7 scrolls of remove curse
 i - 2 scrolls of noise
 j - 2 scrolls of fog
 k - 7 scrolls of teleportation
 s - a scroll of immolation {unknown}
 u - a scroll of amnesia {unknown}
 y - 2 scrolls of magic mapping
 C - a scroll of random uselessness {unknown}
Potions
 c - 5 potions of curing
 d - a potion of might {unknown}
 g - a potion of lignification {unknown}
 l - 2 potions of flight {unknown}
 m - a potion of berserk rage {unknown}
 n - 3 potions of heal wounds
 o - a potion of haste {unknown}
 p - a potion of resistance {unknown}
 z - a potion of magic {unknown}


   Skills:
 + Level 7.6 Fighting
 + Level 7.5 Axes
 + Level 7.1 Armour
 + Level 6.4 Dodging
 + Level 5.2 Shields


You had 8 spell levels left.
You didn't know any spells.
Your spell library was empty.

Dungeon Overview and Level Annotations

Branches:
Dungeon (7/15)             Bailey (1/1)
 Temple: D:4-7

Altars:
Dithmenos
Gozag
Hepliaklqana
Sif Muna
Wu Jian
Yredelemnul
Zin
The Shining One

Shops:
D:4 (


Innate Abilities, Weirdness & Mutations

You reflexively headbutt those who attack you in melee.
You have a pair of horns on your head.


Message History

The orc knight hits your ogre with a +0 war axe!
The goblin barely misses you. You furiously retaliate!
You headbutt the goblin, but do no damage.
You slash the orc knight!
You headbutt the orc knight, but do no damage.
The orc knight is severely wounded.
You closely miss the goblin.
Your ogre closely misses the orc knight.
You block the goblin's attack.
The orc knight hits you with a +0 war axe!!
* * * LOW HITPOINT WARNING * * *
The orc knight hits your ogre with a +0 war axe!
Your ogre dies!
Your ogre's corpse disappears in a puff of smoke!
You hit the goblin.
You kill the goblin!
Trog accepts your kill.
You barely miss the orc knight.
The orc knight hits you with a +0 war axe!!
You die...

..gg#.....'. #..
..o#.....'. #..
8.8##..(.#. #...
..!≈#..)(## .....
..}≈#.....# .....####
≈≈≈##......
.8....?(#########.......
......).'.....'....8..8.
......o@#≈≈≈≈≈#.........
.8..8...#≈≈≈≈≈#.........
.......##≈≈≈≈≈##...8...#
#?....##...K...##.....##
##?$.##.........##...##
#### ♣♣♣.....♣♣♣#####
♣♣♣∩♣♣♣


You could see an orc knight.

Vanquished Creatures
  Sigmund (D:4)
  Eustachio (D:6)
  A sky beast (D:5)
  4 ogres
  A centaur (D:6)
  3 bullfrogs (D:6)
  A gnoll sergeant (D:6)
  A wyvern zombie (D:5)
  2 scorpions
  4 wights (D:6)
  A howler monkey (D:4)
  A centaur zombie (D:5)
  2 hounds
  2 bullfrog skeletons
  3 orc priests
  Ijyb (D:4)
  3 orc wizards
  4 worker ants
  A killer bee zombie (D:4)
  A worker ant zombie (D:5)
  6 gnolls
  6 adders
  A shadow imp (D:6)
  A white imp (D:6)
  3 oozes (D:3)
  An adder skeleton (D:4)
  An adder zombie (D:6)
  2 worms
  2 dart slugs
  6 leopard geckos
  21 orcs
  A giant cockroach (D:1)
  12 goblins
  10 hobgoblins
  10 jackals
  18 kobolds
  5 quokkas
  4 ball pythons
  7 bats
  5 frilled lizards
  A goblin zombie (D:6)
  A hobgoblin zombie (D:6)
  A kobold skeleton (D:6)
  A kobold zombie (D:6)
  A leopard gecko zombie (D:5)
  3 orc skeletons (D:6)
  3 orc zombies (D:6)
  A quokka zombie (D:6)
  4 rats
176 creatures vanquished.

Notes
Turn   | Place    | Note
-------+----------+-------------------------------------------
     0 | D:1      | dtburroughs the Minotaur Berserker began the quest for the
                  | Orb.
     0 | D:1      | Reached XP level 1. HP: 19/19 MP: 0/0
   459 | D:1      | Reached XP level 2. HP: 27/27 MP: 1/1
  1512 | D:2      | Reached XP level 3. HP: 33/33 MP: 2/2
  1526 | D:2      | Reached ** piety under Trog
  2384 | D:2      | Found an ornate altar of the Wu Jian Council.
  2412 | D:2      | Found a hazy altar of Hepliaklqana.
  2581 | D:3      | Reached XP level 4. HP: 32/41 MP: 3/3
  2874 | D:3      | Noticed an ogre
  2884 | D:3      | Killed an ogre
  2885 | D:3      | Reached XP level 5. HP: 33/47 MP: 4/4
  3097 | D:3      | Reached skill level 5 in Fighting
  3105 | D:3      | HP: 2/48 [goblin (4)]
  3666 | D:3      | Reached skill level 5 in Axes
  3923 | D:3      | Found a shadowy altar of Dithmenos.
  3924 | D:3      | Found a faded altar of an unknown god.
  4182 | D:3      | Reached XP level 6. HP: 56/56 MP: 5/5
  4540 | D:4      | Reached *** piety under Trog
  4603 | D:4      | Found Xofaikah's Antique Weapon Shop.
  5088 | D:4      | Reached skill level 1 in Shields
  5678 | D:4      | Noticed Sigmund
  5688 | D:4      | Killed Sigmund
  5689 | D:4      | Reached skill level 5 in Armour
  5689 | D:4      | Reached XP level 7. HP: 60/62 MP: 6/6
  5899 | D:4      | Noticed Ijyb
  5910 | D:4      | Killed Ijyb
  6129 | D:4      | Found a glowing silver altar of Zin.
  6129 | D:4      | Found an opulent altar of Gozag.
  6232 | D:5      | Entered Level 5 of the Dungeon
  6431 | D:5      | Reached skill level 5 in Dodging
  6642 | D:5      | Reached XP level 8. HP: 71/71 MP: 7/7
  7047 | D:5      | Found a shimmering blue altar of Sif Muna.
  7181 | D:6      | Found a glowing golden altar of the Shining One.
  7539 | D:6      | Reached **** piety under Trog
  7812 | D:6      | Noticed Eustachio
  7834 | D:6      | Killed Eustachio
  7913 | D:6      | Reached skill level 5 in Shields
  7913 | D:6      | Reached XP level 9. HP: 79/79 MP: 8/8
  8163 | D:6      | Found a glowing golden altar of the Shining One.
  8186 | D:6      | Found a basalt altar of Yredelemnul.
  8189 | D:6      | Noticed a profane servitor
  8420 | D:6      | Noticed an angel
  8555 | D:7      | Found a flagged portal.
  8562 | D:7      | Got a shimmering hand axe
  8566 | D:7      | Identified the cursed +1 hand axe of the Purse {vorpal,
                  | rElec rF+ Will+ Str+3} (You found it on level 7 of the
                  | Dungeon)
  8583 | Bailey   | Entered a bailey
  8588 | Bailey   | Noticed an orc warlord
  8680 | Bailey   | Noticed an orc knight
  8697 | Bailey   | Slain by an orc knight

Illustrated notes

Levels and vault maps discovered:
D:1:      dpeg_arrival_morbid_curiosity, layout_loops_ring
D:2:      layout_loops_ring, overflow_temple_1_default,
          lemuel_coloured_pillars_altar, minmay_misc_feat_four_crosses
D:3:      layout_basic, grunt_dithmenos_smoke, serial_co_window_serial,
          co_window_paths_a, co_window_paths_a, co_window_cross_1,
          co_window_paths_b, co_window_paths_a, co_window_corner_b,
          co_window_2corner, co_window_broadway_a, co_window_paths_d,
          glass_columns_c, glass_columns_b,
          chequers_ecumenical_altar_simple_redux, wad_floor_pattern_2
D:4:      layout_basic, grunt_temple_overflow_gold_and_silver, serial_shops,
          nicolae_shop_stone, minivault_11, item_on_display_a, uniq_ijyb,
          uniq_sigmund
D:5:      layout_basic, led_sif_pool, nrook_mini_vaults
D:6:      kb_forest_paths, layout_rooms, grunt_temple_overflow_holy_war,
          nicolae_tso_besieged_by_evil, uniq_eustachio
D:7:      cheibrodos_fertilizer, layout_gridville, elyvilon_altar_5,
          minmay_temple_entry_offerings, serial_shops, shop, enter_bailey_2,
          lemuel_statue_altar
Bailey:   bailey_axe_bossmonster_kennysheep, bailey

Skill      XL: |  1  2  3  4  5  6  7  8  9 |
---------------+----------------------------+-----
Fighting       | 4 5 6 7 |  7.6
Axes           | 4 5 6 7 |  7.5
Armour         | 3 4 5 6 7 |  7.1
Dodging        | 3 4 5 6 |  6.4
Shields        | 2 3 5 |  5.2

Action                   |  1- 3 |  4- 6 |  7- 9 || total
-------------------------+-------+-------+-------++-------
Melee: Hand axe          |    86 |   159 |    27 ||   272
       Headbutt          |    12 |    27 |    44 ||    83
       War axe           |       |     8 |   207 ||   215
Invok: Trog's Hand       |       |     2 |     2 ||     4
       Berserk           |       |     1 |     1 ||     2
       Brothers in Arms  |       |       |     1 ||     1
  Use: Scroll            |       |     3 |     4 ||     7
 Stab: Sleeping          |       |     1 |       ||     1
Armor: Animal skin       |    16 |    16 |       ||    32
       Plate armour      |       |    37 |   112 ||   149
Dodge: Dodged            |    61 |    88 |    68 ||   217
Block: Kite shield       |       |    17 |   208 ||   225
